 Dungeon Crawl Stone Soup version 0.29-a0-557-g43b9904bd1 (webtiles) character file.

Game seed: 10132348932385471732

242 testman the Poker (level 6, 0/53 HPs)
             Began as a Meteoran Wanderer on June 8, 2022.
             Was an Initiate of Yredelemnul.
             Slain by an ice beast (13 damage)
             ... on level 3 of the Dungeon.
             The game lasted 00:11:00 (1164 turns).

testman the Poker (Meteoran Wanderer)               Turns: 1164, Time: 00:11:01

Health: 0/53       AC: 10    Str: 16    XL:     6   Next: 57%
Magic:  5/7        EV:  9    Int: 13    God:    Yredelemnul [......]
Gold:   86         SH:  0    Dex: 20    Spells: 5/5 levels left

rFire   . . .      SeeInvis .   a - +0 spear
rCold   . . .      Faith    .   (no shield)
rNeg    . . .      Spirit   .   b - +2 scale mail
rPois   .          Reflect  .   f - +0 helmet
rElec   .          Harm     .   (no cloak)
rCorr   .          Rampage  .   (no gloves)
Will    .....                   (no boots)
Stlth   ..........              e - amulet of the acrobat
HPRegen 0.17/turn               i - ring of wizardry
MPRegen 0.10/turn               p - +6 ring of dexterity

@: glowing
A: sense surroundings 1, otherworldly, glowing, explore regen
a: Renounce Religion, Recall Undead Harvest


You were on level 3 of the Dungeon.
You worshipped Yredelemnul.
Yredelemnul was noncommittal.
You visited 1 branch of the dungeon, and saw 4 of its levels.
You also visited: Sewer.

You collected 86 gold pieces.

Inventory:

Hand Weapons
 a - a +0 spear (weapon)
 h - a +2 short sword of holy wrath
Missiles
 q - 3 javelins (quivered)
Armour
 b - a +2 scale mail (worn)
 f - a +0 helmet (worn)
Jewellery
 e - an amulet of the acrobat (around neck)
 i - a ring of wizardry (left hand)
 p - a +6 ring of dexterity (right hand)
Scrolls
 c - 2 scrolls of fog
 d - a scroll of teleportation
 g - 2 scrolls of identify
 j - a scroll of summoning
 n - a scroll of noise {unknown}
 o - a scroll of immolation {unknown}
 s - a scroll of enchant armour {unknown}
 w - a scroll of magic mapping {unknown}
 y - a scroll of enchant weapon {unknown}
Potions
 k - a potion of ambrosia {unknown}
 l - a potion of brilliance {unknown}
 m - a potion of mutation
 r - 3 potions of haste
 t - a potion of magic {unknown}
 u - a potion of might {unknown}
 v - a potion of curing {unknown}
 x - 2 potions of flight {unknown}
 z - a potion of heal wounds {unknown}


   Skills:
 + Level 4.5 Fighting
 + Level 6.1 Polearms
 - Level 6.0 Armour
 - Level 1.2 Invocations


You had 5 spell levels left.
You didn't know any spells.
Your spell library contained the following spells:

 Spells                   Type           Power      Damage    Failure   Level
 Portal Projectile        Hex/Tloc       0%         N/A       71%         3
 Tukima's Dance           Hex            0%         N/A       71%         3
 Blade Hands              Tmut           0%         N/A       100%        5


Dungeon Overview and Level Annotations

Branches:
Dungeon (4/15)              Sewer (visited)
 Temple: D:4-7

Altars:
Trog
Uskayaw
Yredelemnul


Innate Abilities, Weirdness & Mutations

You passively map a small area around you.
You are easily found by Zot.
You glow in the dark.
You regain HP and MP as you explore.


Message History

There is a stone staircase leading down here.
Nothing appears to have answered your call.
The ice beast barely misses you.
Okay, then.
As you read the scroll of summoning, it crumbles to dust.
Wisps of shadow whirl around you... The ice beast hits you.
The ice beast freezes you!
* * * LOW HITPOINT WARNING * * *
You hit the ice beast but do no damage.
The ice beast is moderately wounded.
The ice beast hits you but does no damage.
Your bat closely misses the ice beast.
You hit the ice beast but do no damage.
The ice beast is moderately wounded.
Your bat closely misses the ice beast.
Your bat hits the ice beast but does no damage.
Your gnoll hits the ice beast but does no damage.
Your rat bites the ice beast.
The ice beast hits you but does no damage.
Your bat barely misses the ice beast.
Your bat hits the ice beast but does no damage. x2
Your gnoll misses the ice beast.
Your gnoll hits the ice beast with a +0 spear.
Your rat completely misses the ice beast.
The ice beast closely misses your bat.
There is an open door here.
Reach: a) +0 spear
Press: ? - help, Dir - move target, f - ice beast
Aim: an ice beast (heavily wounded, ally target, about 31% to evade your +0 spear)
You could not reach far enough!
Your bat closely misses the ice beast.
Your gnoll barely misses the ice beast. x2
Your rat barely misses the ice beast.
Your gnoll hits the ice beast with a +0 flail!
Your worm barely misses the ice beast.
Unknown command.
The ice beast attacks as you move away! The ice beast hits you.
* * * LOW HITPOINT WARNING * * *
The ice beast freezes you!
You die...
Your body rises from the dead as a mindless zombie.

#.# #.# ### ##.#####.# ##.## *
* ,* ,,........# ##...## * * ,
#.##..#.###.....##.# ,,
#.##..#............# *
.###.......#####.###### .(*.#
.$.^.....### #.# ..#.
####.##### #.# .#. #.# ##@##
..#, #.# ##>Y.## ..#,# #.###
##r)w..## ##..#.# #.#.##
##..ggb..## ##.....#
#.[..####...g.....####....####
#.......+.........'...........
#....####.........####....####
#.#.## ##.......## ##.#..#
#.### ##.....## ####.#


You could see an ice beast (ally target), a friendly worm (summoned), 3 friendly
gnolls, a friendly bat (summoned) and a friendly rat (summoned).

Vanquished Creatures
  Pargi (Sewer)
  Jessica (D:3)
  Natasha (D:3)
  4 adders
  A worm (D:3)
  6 bats
  2 endoplasms
  2 giant cockroaches (D:1)
  10 goblins
  3 hobgoblins
  3 jackals (D:1)
  2 quokkas
  A ball python (D:1)
  4 frilled lizards (Sewer)
  3 kobolds
  8 rats
52 creatures vanquished.

Vanquished Creatures (collateral kills)
  Robin (D:3)
  A jackal (D:1)
2 creatures vanquished.

Vanquished Creatures (others)
  2 giant cockroach zombies (D:1)
  4 goblin zombies
  A rat zombie (D:1)
7 creatures vanquished.

Grand Total: 61 creatures vanquished

Notes
Turn   | Place    | Note
-------+----------+-------------------------------------------
     0 | D:1      | testman the Meteoran Wanderer began the quest for the Orb.
     0 | D:1      | testman set off with the following items: a +0 spear, a +2
                  | scale mail, a scroll of fog, a scroll of teleportation
     0 | D:1      | Reached XP level 1. HP: 16/16 MP: 2/2
    87 | D:1      | Reached XP level 2. HP: 23/23 MP: 3/3
   117 | D:2      | Reached XP level 3. HP: 20/29 MP: 4/4
   183 | D:2      | You fall into a shaft and drop 2 floors!
   215 | D:4      | Noticed an ice beast
   286 | D:3      | Noticed Jessica
   295 | D:3      | Killed Jessica
   296 | D:3      | Reached XP level 4. HP: 37/37 MP: 5/5
   335 | D:3      | Found a hide-covered altar of Uskayaw.
   335 | D:3      | Found a basalt altar of Yredelemnul.
   340 | D:3      | Became a worshipper of Yredelemnul the Dark
   462 | D:3      | Reached skill level 5 in Polearms
   518 | D:3      | Found a glowing drain.
   564 | Sewer    | Entered a sewer
   594 | Sewer    | Reached XP level 5. HP: 43/45 MP: 6/6
   642 | Sewer    | Noticed Pargi
   668 | Sewer    | Gained mutation: You are frail. (-10% HP) [potion of
                  | mutation]
   668 | Sewer    | Lost mutation: You are frail. (-10% HP) [potion of
                  | mutation]
   689 | Sewer    | Killed Pargi
   690 | Sewer    | Reached XP level 6. HP: 7/52 MP: 7/7
   779 | D:3      | Noticed Robin
   790 | D:3      | Reached * piety under Yredelemnul
   806 | D:3      | Killed Robin
   985 | D:3      | Noticed Natasha
  1003 | D:3      | Killed Natasha
  1069 | D:3      | Found a bloodstained altar of Trog.
  1164 | D:3      | Slain by an ice beast

Illustrated notes

Levels and vault maps discovered:
D:1:      eino_arrival_cavern_a, layout_rooms,
          chequers_ecumenical_altar_simple_redux
D:2:      layout_rooms
D:3:      layout_loops_corners, gammafunk_temple_overflow_statue,
          lemuel_round_altar, cheibrodos_sewer_entry_bend, feat_on_display,
          uniq_natasha, uniq_robin, uniq_jessica
D:4:      layout_basic

Skill      XL: |  1  2  3  4  5  6 |
---------------+-------------------+-----
Polearms       | 4 5 6 |  6.1
Fighting       | 2 3 4 |  4.5
Armour         | |  6.0
Invocations    | |  1.2

Action                   |  1- 3 |  4- 6 || total
-------------------------+-------+-------++-------
Melee: Spear             |    67 |   210 ||   277
       Punch             |       |     1 ||     1
Throw: Javelin           |       |     2 ||     2
Invok: Recall Undead Har |       |     1 ||     1
  Use: Scroll            |     1 |     1 ||     2
       Potion            |       |     2 ||     2
 Stab: Distracted        |       |     2 ||     2
Armor: Scale mail        |    31 |   108 ||   139
       Skin              |       |    40 ||    40
Dodge: Dodged            |    36 |    85 ||   121

Table legend: (Time is in decaauts)
 A = Elapsed time spent in this place.
 B = Non-inter-level travel time spent in this place.
 C = Inter-level travel time spent in this place.
 D = Time resting spent in this place.
 E = Time spent auto-exploring this place.
 F = Levels seen in this place.
 G = Mean time per level.
                   A        B        C        D        E       F      G
               +--------+--------+--------+--------+--------+-----+--------+
         Total |   1152 |   1105 |     47 |     52 |    276 |   5 |  230.4 |
       Dungeon |    953 |    906 |     47 |     25 |    258 |   4 |  238.2 |
         Sewer |    199 |    199 |      0 |     27 |     17 |   1 |  199.0 |
               +--------+--------+--------+--------+--------+-----+--------+

Top non-repeatable levels by time:
     D:3: 612 daAuts
   Sewer: 199 daAuts
     D:2: 143 daAuts
     D:1: 135 daAuts
     D:4: 61 daAuts
